 Dungeon Crawl Stone Soup version 0.30.0-3-ga4e48a9924 (webtiles) character file.

Game seed: 6863351235952545564

2468 Irreverend the Nimble (level 9, -3/41 HPs)
             Began as a Felid Summoner on May 7, 2023.
             Was an Initiate of Gozag.
             Slain by a two-headed ogre
             ... wielding a +0 giant spiked club
              (24 damage)
             ... on level 8 of the Dungeon.
             The game lasted 00:46:17 (13062 turns).

Irreverend the Nimble (Felid Summoner)             Turns: 13062, Time: 00:46:17

Health: -3/41      AC:  2    Str:  4    XL:     9   Next: 26%
Magic:  20/20      EV: 22    Int: 20    God:    Gozag
Gold:   487        SH:  0    Dex: 17    Spells: 8/21 levels left
                                        Lives:  0   Deaths: 2

rFire   . . .        (weapon unavailable)
rCold   + . .        (shield unavailable)
rNeg    . . .        (body armour unavailable)
rPois   .            (helmet unavailable)
rElec   .            (cloak unavailable)
rCorr   .            (gloves unavailable)
SInv    +            (boots unavailable)
Will    ++...        (no amulet)
Stlth   ++           g - ring of protection from cold
HPRegen 0.26/turn    h - ring of willpower
MPRegen 0.17/turn

%: no passive effects
@: quick
A: very small, claws 1, fangs 3, see invisible, speed 1, shaggy fur 2, stealthy
paws, no weapons or thrown items, no armour, multi-lived
a: Renounce Religion, Potion Petition, Call Merchant, Bribe Branch


You were on level 8 of the Dungeon.
You worshipped Gozag.
Gozag was aware of your devotion.
You visited 2 branches of the dungeon, and saw 10 of its levels.

You collected 564 gold pieces.
You paid 77 gold pieces to Gozag.

Inventory:

Jewellery
 g - a ring of protection from cold (left paw)
 h - a ring of willpower (right paw)
Wands
 l - a wand of light (9)
 m - a wand of flame (14)
Scrolls
 a - a scroll of teleportation
 i - 2 scrolls of fog {unknown}
 j - a scroll of identify
 k - a scroll of blinking
 o - a scroll of amnesia {unknown}
 p - a scroll of butterflies {unknown}
Potions
 b - 2 potions of attraction
 c - 4 potions of curing
 d - a potion of brilliance
 e - 2 potions of heal wounds
 f - 2 potions of haste
 n - a potion of invisibility


   Skills:
 + Level 6.0 Fighting
 + Level 8.4 Dodging
 - Level 2.6 Stealth
 + Level 6.7 Spellcasting
 - Level 5.0 Hexes
 + Level 8.3 Summonings
 + Level 3.9 Air Magic


You had 8 spell levels left.
You knew the following spells:

 Your Spells              Type           Power      Damage    Failure   Level
a - Summon Small Mammal   Summ           100%       N/A       1%          1
b - Call Imp              Summ           80%        N/A       1%          2
c - Call Canine Familiar  Summ           40%        N/A       1%          3
d - Summon Guardian Gole  Hex/Summ       33%        N/A       1%          3
e - Summon Lightning Spi  Summ/Air       31%        N/A       8%          4

Your spell library contained the following spells:

 Spells                   Type           Power      Damage    Failure   Level
 Ozocubu's Armour         Ice            6%         N/A       28%         3
 Volatile Blastmotes      Fire/Tloc      12%        2d11      28%         3
 Fulminant Prism          Conj/Hex       8%         3d7       34%         4
 Iskenderun's Mystic Bla  Conj/Tloc      6%         2d4       67%         4
 Manifold Assault         Tloc           6%         N/A       67%         4
 Metabolic Englaciation   Hex/Ice        8%         N/A       67%         5
 Lee's Rapid Deconstruct  Erth           3%         3d5*      95%         5
 Death's Door             Necr           3%         N/A       100%        9
 Simulacrum               Ice/Necr       Unusable   N/A       N/A         6

Dungeon Overview and Level Annotations

Branches:
Dungeon (9/15)             Temple (1/1) D:7
   Lair: D:8-11         Orc: D:9-12

Altars:
Ashenzari
Cheibriados
Dithmenos
Elyvilon
Fedhas
Gozag
Hepliaklqana
Makhleb
Okawaru
Qazlal
Ru
Sif Muna
Trog
Uskayaw
Vehumet
Wu Jian
Xom
Yredelemnul
Zin

Shops:
D:6 *   D:7 *

Annotations:
D:8 1 runed translucent door


Innate Abilities, Weirdness & Mutations

You have sharp claws.
You have razor-sharp teeth.
You have supernaturally acute eyesight. (SInv)
You cover ground quickly. (Speed+)
You are covered in thick fur. (AC +2)
Your paws help you pounce on unaware monsters.
You are incapable of wielding weapons or throwing items.
You cannot wear armour.
You gain extra lives every three experience levels.


Message History

Done exploring.
Done exploring.
Done exploring.
Okay, then.
Done exploring.
Done exploring.
(D) Dungeon (T) Temple
Where to? (Enter - D:8, ? - help)
There is a stone staircase leading down here.
You climb downwards.
Found three items.
Found a stone staircase leading up.
There is a stone staircase leading up here.
There are monsters nearby!
The kobold brigand shouts!
The kobold shouts!
The wyvern hisses angrily.
The kobold shouts!
You climb upwards.
Level annotation: 1 runed translucent door
There is a stone staircase leading down here.
There is a stone staircase leading down here.
You climb downwards.
The kobold shouts!
The howler monkey howls!
The kobold throws a stone.
The stone barely misses you.
The howler monkey hoots and howls with incredible vigour!
You hear a bellow! x5; You hear a shout!
You hear a bellow!
You hear a shout!
Found 3 stones, a long sword and a helmet.
Found a stone staircase leading up.
There is a stone staircase leading up here.
The wyvern misses you.
The two-headed ogre hits you with a +0 giant spiked club!!
The two-headed ogre barely misses you. The kobold hits you with a +3 dagger.
The howler monkey barely misses you. The wyvern misses you.
You climb upwards.
Level annotation: 1 runed translucent door
There is a stone staircase leading down here.
The wyvern bites you. The wyvern attacks as you move away!
The wyvern closely misses you.
The two-headed ogre hits you with a +0 giant spiked club!!
Ouch! That really hurt!
You die...
Your body crumbles into a pile of gold.

#.###.#...##..#####.#
#................##.#
#####.....#...##.##.#
# ##......#.#.##.##)#
# #(......#.#.##.##.#
# ##.#....#.#.##.##.#
####>#....#.#.#>lK#.#
..........#....O....#
####.#.#......#h@.###
#.#.#....####.## ##
#.#..###.####.##
.###.#..# #.......#
.....#..###......?#
.#..........#####.#
............# #.#
.#.#.######## #.#
.#.#.# #.#


You could see a two-headed ogre, a wyvern, a howler monkey (catching breath) and
a kobold.

Vanquished Creatures
  A bullfrog (D:8)
  3 bats (D:1)
4 creatures vanquished.

Vanquished Creatures (collateral kills)
  A water moccasin (D:5)
  An orc warrior (D:8)
  An ice beast (D:8)
  2 sky beasts
  2 ogres (D:5)
  A kobold brigand (D:7)
  2 scorpions (D:6)
  2 jellies
  4 hounds
  3 orc priests
  2 sleepcaps
  2 human skeletons (D:8)
  5 iguanas
  4 orc wizards
  8 gnolls
  5 adders
  2 shadow imps (D:5)
  2 ufetubi
  5 dart slugs
  A worm (D:2)
  25 orcs
  9 endoplasms
  2 giant cockroaches (D:3)
  11 hobgoblins
  4 jackals (D:2)
  10 kobolds
  4 quokkas
  8 ball pythons
  5 bats
  5 frilled lizards
  13 goblins
  A kobold zombie (D:8)
  7 rats
159 creatures vanquished.

Vanquished Creatures (others)
  A two-headed ogre (D:8)
  Joseph (D:8)
  A wyvern (D:8)
  2 steam dragons (D:8)
  Edmund (D:4)
  A water moccasin (D:7)
  An ice beast (D:8)
  2 ogres (D:7)
  A centaur (D:8)
  2 kobold brigands
  3 wights (D:7)
  A gnoll bouda (D:6)
  A hound (D:6)
  A sleepcap (D:7)
  5 gnolls
  A white imp (D:7)
  2 orcs (D:8)
  A goblin (D:7)
  8 kobolds
  7 plants (D:1)
43 creatures vanquished.

Grand Total: 206 creatures vanquished

Notes
Turn   | Place    | Note
-------+----------+-------------------------------------------
     0 | D:1      | Irreverend the Felid Summoner began the quest for the Orb.
     0 | D:1      | Reached XP level 1. HP: 7/7 MP: 4/4
   651 | D:1      | Reached XP level 2. HP: 10/11 MP: 4/6
   664 | D:1      | Learned a level 2 spell: Call Imp
  1109 | D:1      | Reached XP level 3. HP: 14/14 MP: 2/8
  2492 | D:2      | Learned a level 3 spell: Call Canine Familiar
  3037 | D:2      | Reached XP level 4. HP: 18/18 MP: 3/9
  3197 | D:3      | Got the Quarto of Absence
  3579 | D:3      | Found a radiant altar of Vehumet.
  3596 | D:3      | Reached skill level 5 in Summonings
  3994 | D:3      | Reached XP level 5. HP: 21/21 MP: 6/11
  4001 | D:3      | Learned a level 3 spell: Summon Guardian Golem
  4495 | D:4      | Reached skill level 1 in Fighting
  4897 | D:4      | Noticed Edmund
  5488 | D:4      | Killed Edmund
  5489 | D:4      | Gained mutation: You are covered in thick fur. (AC +2)
                  | [Felid growth]
  5489 | D:4      | Reached XP level 6. HP: 26/26 MP: 3/13
  5774 | D:4      | Found a shadowy altar of Dithmenos.
  5935 | D:4      | Found a shimmering altar of Xom.
  6055 | D:5      | Entered Level 5 of the Dungeon
  6211 | D:5      | Reached XP level 7. HP: 30/30 MP: 7/14
  6413 | D:5      | Reached skill level 5 in Dodging
  6586 | D:5      | Found a sacrificial altar of Ru.
  6907 | D:5      | Found a hazy altar of Hepliaklqana.
  6993 | D:5      | Reached skill level 5 in Spellcasting
  7371 | D:6      | HP: 1/31 [gnoll/+0 whip[a gnoll bouda] (3)]
  7417 | D:6      | Slain by a sleepcap
  7418 | D:6      | Reached XP level 6. HP: -1/28 MP: 7/14
  7418 | D:6      | Reached XP level 7. HP: 31/31 MP: 15/15
  7455 | D:6      | Reached skill level 1 in Hexes
  7897 | D:6      | Learned a level 4 spell: Summon Lightning Spire
  8402 | D:6      | Found Naffir's Assorted Antiques.
  8803 | D:6      | Reached skill level 1 in Air Magic
  9503 | D:7      | Found Ciz Ylen's General Store.
  9671 | D:7      | Reached XP level 8. HP: 36/36 MP: 14/17
  9794 | D:7      | Found a staircase to the Ecumenical Temple.
 10900 | Temple   | Entered the Ecumenical Temple
 10946 | Temple   | Became a worshipper of Gozag Ym Sagoz the Greedy
 11342 | D:8      | Noticed Joseph
 11358 | D:8      | Killed Joseph
 11359 | D:8      | Reached skill level 5 in Fighting
 11359 | D:8      | Reached skill level 5 in Hexes
 11359 | D:8      | Reached XP level 9. HP: 40/40 MP: 13/19
 11413 | D:8      | Killed from afar by a steam dragon
 11414 | D:8      | Reached XP level 8. HP: 0/37 MP: 17/18
 12579 | D:8      | Found a runed translucent door.
 12582 | D:8      | Found a basalt altar of Yredelemnul.
 12583 | D:8      | Noticed a two-headed ogre
 12603 | D:8      | Killed a two-headed ogre
 12604 | D:8      | Reached XP level 9. HP: 41/41 MP: 10/20
 13058 | D:9      | Noticed a two-headed ogre
 13062 | D:8      | Slain by a two-headed ogre

Illustrated notes

Levels and vault maps discovered:
D:1:      enne_arrival_octagon_isle, layout_loops_ring, reono_crystal_passage,
          minmay_misc_feat_four_crosses, serial_bayou_pond_a, eino_curves_04,
          minmay_tripent
D:2:      layout_basic
D:3:      layout_basic, mainiacjoe_overflow_six_doors_small
D:4:      layout_basic, lemuel_crystal_altar, kennysheep_mini, uniq_edmund
D:5:      layout_cave_pools, worldfamousw_hep_ancestral_shrine,
          mainiacjoe_overflow_surrounded_room
D:6:      layout_layer_cave, serial_shops, kennysheep_little_box
D:7:      layout_basic, minmay_temple_entry_statues, enter_bailey_5,
          serial_shops, shop
D:8:      layout_loops_ring, dk_yredelemnul_ordeal, uniq_prince_ribbit1,
          uniq_joseph
D:9:      layout_long_grid, mainiacjoe_overflow_alcove_4,
          lemuel_zombie_altar_kikubaaqudgha
Temple:   nicolae_temple_figure_eight

Skill      XL: |  1  2  3  4  5  6  7  8 |
---------------+-------------------------+-----
Spellcasting   | 3 4 5 6 |  6.7
Summonings     | 5 6 7 8 |  8.3
Dodging        | 3 4 6 8 |  8.4
Fighting       | 1 2 4 6 |  6.0
Hexes          | 3 5 |  5.0
Air Magic      | 1 3 |  3.9
Stealth        | |  2.6

Action                     |  1- 3 |  4- 6 |  7- 9 || total
---------------------------+-------+-------+-------++-------
  Melee: Unarmed           |    10 |       |     3 ||    13
         Bite              |     2 |       |     1 ||     3
         Punch             |       |       |     1 ||     1
   Cast: Summon Small Mamm |    26 |       |     2 ||    28
         Call Imp          |    30 |    10 |    16 ||    56
         Call Canine Famil |     5 |    32 |    61 ||    98
         Summon Guardian G |       |     6 |    48 ||    54
         Summon Lightning  |       |       |    12 ||    12
    Use: Scroll            |     1 |       |     9 ||    10
         Potion            |       |       |     3 ||     3
   Stab: Distracted        |     1 |       |       ||     1
 Armour: Skin              |     5 |       |     3 ||     8
  Dodge: Dodged            |    36 |    14 |    92 ||   142
